 Dungeon Crawl Stone Soup version 0.23.2-33-g5129a83184 (webtiles) character file.

Game seed: 17942294386702057836

120 Destapler the Twirler (level 5, -1/40 HPs)
             Began as a Gnoll Wanderer on Aug 2, 2019.
             Slain by Natasha (3 damage)
             ... on level 2 of the Dungeon.
             The game lasted 00:13:28 (2771 turns).

Destapler the Twirler (Gnoll Wanderer)              Turns: 2771, Time: 00:13:29

Health: -1/40      AC:  6    Str: 15 (16) XL:     5   Next: 4%
Magic:  7/7        EV:  9    Int: 13 (14) God:
Gold:   71         SH:  0    Dex: 13 (14) Spells: 6/6 levels left

rFire    . . .     SeeInvis .   s - +0 trident (curse)
rCold    . . .     Gourm    .   (no shield)
rNeg     . . .     Faith    .   d - +0 scale mail (curse)
rPois    .         Spirit   .   (no helmet)
rElec    .         Reflect  .   (no cloak)
rCorr    .         Harm     .   (no gloves)
MR       .....                  (no boots)
Stlth    +.........             (no amulet)
HPRegen  0.13/turn              (no ring)
MPRegen  0.10/turn              (no ring)

@: slowed, very slow
A: distributed training, fangs 1, strong nose
a: no special abilities


You were on level 2 of the Dungeon.
You were hungry.

You visited 1 branch of the dungeon, and saw 3 of its levels.

You collected 71 gold pieces.

Inventory:

Hand Weapons
 a - a +2 dagger
 b - a +0 spear
 s - a cursed +0 trident (weapon)
Missiles
 g - 53 stones (quivered)
Armour
 d - a cursed +0 scale mail (worn)
 e - a +0 robe
Jewellery
 l - a +3 ring of intelligence {unknown}
 u - an uncursed ring of positive energy {unknown}
Scrolls
 h - 5 scrolls of identify {unknown}
 i - a scroll of noise {unknown}
 k - 4 scrolls of fear {unknown}
 n - 2 scrolls of blinking {unknown}
 r - a scroll of remove curse {unknown}
Potions
 c - a potion of berserk rage
 j - a potion of curing
Comestibles
 f - 4 rations


   Skills:
 + Level 2.8 Fighting
 + Level 1.3 Short Blades
 + Level 4.7 Long Blades
 + Level 1.3 Axes
 + Level 1.3 Maces & Flails
 + Level 1.3 Polearms
 + Level 6.6 Staves
 + Level 1.3 Slings
 + Level 1.3 Bows
 + Level 1.3 Crossbows
 + Level 1.3 Throwing
 + Level 1.3 Armour
 + Level 1.3 Dodging
 + Level 4.3 Stealth
 + Level 2.8 Shields
 + Level 1.3 Unarmed Combat
 + Level 1.3 Spellcasting
 + Level 1.0 Conjurations
 + Level 1.0 Hexes
 + Level 1.0 Charms
 + Level 1.0 Summonings
 + Level 1.0 Necromancy
 + Level 1.0 Translocations
 + Level 1.0 Transmutations
 + Level 1.0 Fire Magic
 + Level 1.0 Ice Magic
 + Level 1.0 Air Magic
 + Level 1.0 Earth Magic
 + Level 1.0 Poison Magic
 + Level 1.4 Invocations
 + Level 2.8 Evocations


You had 6 spell levels left.
You didn't know any spells.
Your spell library was empty.

Dungeon Overview and Level Annotations

Branches:
Dungeon (3/15)

Altars:

Annotations:
D:2 Natasha


Innate Abilities, Weirdness & Mutations

Your experience applies equally to all skills.
You have very sharp teeth.
Your uncanny sense of smell can sniff out nearby items.


Message History

Natasha is severely wounded.
Natasha mumbles some strange words.
You feel disoriented. Natasha claws you but does no damage.
The shadow imp misses you.
The crimson imp hits you but does no damage.
Natasha closely misses you.
The shadow imp hits you but does no damage.
The crimson imp barely misses you.
You barely miss Natasha. Your bite misses Natasha.
Natasha is severely wounded.
Natasha completely misses you. The shadow imp hits you.
* * * LOW HITPOINT WARNING * * *
The crimson imp hits you but does no damage.
Natasha claws you but does no damage.
You closely miss Natasha.
Natasha is severely wounded.
The shadow imp hits you.
* * * LOW HITPOINT WARNING * * *
The crimson imp barely misses you. Natasha claws you.
You die...

.............# #....5.5...#
#########...## #.#######..# .#
##.## #.# #..# .# #.# #.#
#####..###### .#### #.# #.#
#..)........# .##.######.#
###.###.####.###..#
.#.........###........###.###..##
....########...55...............#
.#### #.#.#@###..####.##...# <#
#.#.#h###..####.##...# .#
#.#.#5.).....##.#..... .#
#.#.#####..#h##.#..... ## #.#.#
#..#.##.#..... ##.#.#
#....##.#..#.# #....#
#...###.#..#.#
##.#.#####...###.#..#.#
###..........).....#.#


You could see Natasha, 2 crimson imps and a shadow imp.

Vanquished Creatures
  Natasha (twice) (D:2)
  An adder (D:2)
  2 worms (D:2)
  2 dart slugs (D:2)
  2 leopard geckos
  10 bats
  4 giant cockroaches (D:2)
  5 goblins
  6 hobgoblins
  A quokka (D:3)
  A frilled lizard (D:1)
  5 kobolds
  7 rats
48 creatures vanquished.

Notes
Turn   | Place    | Note
-------+----------+-------------------------------------------
     0 | D:1      | Destapler the Gnoll Wanderer began the quest for the Orb.
     0 | D:1      | Destapler set off with the following items: a +2 dagger, a
                  | potion of berserk rage, a +0 spear, a +0 quarterstaff, a +0
                  | robe, a ration
     0 | D:1      | Reached XP level 1. HP: 17/17 MP: 2/2
   250 | D:1      | Reached XP level 2. HP: 23/23 MP: 3/3
   951 | D:1      | Reached XP level 3. HP: 28/28 MP: 4/4
  1884 | D:2      | Reached skill level 1 in Invocations
  2055 | D:2      | Reached skill level 1 in Short Blades
  2055 | D:2      | Reached skill level 1 in Axes
  2055 | D:2      | Reached skill level 1 in Maces & Flails
  2055 | D:2      | Reached skill level 1 in Polearms
  2055 | D:2      | Reached skill level 1 in Slings
  2055 | D:2      | Reached skill level 1 in Bows
  2055 | D:2      | Reached skill level 1 in Crossbows
  2055 | D:2      | Reached skill level 1 in Throwing
  2055 | D:2      | Reached skill level 1 in Armour
  2055 | D:2      | Reached skill level 1 in Dodging
  2055 | D:2      | Reached skill level 1 in Unarmed Combat
  2055 | D:2      | Reached skill level 1 in Spellcasting
  2090 | D:2      | Reached XP level 4. HP: 23/34 MP: 6/6
  2363 | D:3      | Noticed Natasha
  2374 | D:2      | HP: 1/34 [Natasha/magic dart (4)]
  2390 | D:2      | Killed Natasha
  2392 | D:2      | Reached skill level 1 in Conjurations
  2392 | D:2      | Reached skill level 1 in Hexes
  2392 | D:2      | Reached skill level 1 in Charms
  2392 | D:2      | Reached skill level 1 in Summonings
  2392 | D:2      | Reached skill level 1 in Necromancy
  2392 | D:2      | Reached skill level 1 in Translocations
  2392 | D:2      | Reached skill level 1 in Transmutations
  2392 | D:2      | Reached skill level 1 in Fire Magic
  2392 | D:2      | Reached skill level 1 in Ice Magic
  2392 | D:2      | Reached skill level 1 in Air Magic
  2392 | D:2      | Reached skill level 1 in Earth Magic
  2392 | D:2      | Reached skill level 1 in Poison Magic
  2657 | D:2      | Noticed Natasha
  2693 | D:2      | Killed Natasha
  2693 | D:2      | Reached XP level 5. HP: 30/40 MP: 7/7
  2753 | D:2      | Noticed Natasha
  2771 | D:2      | HP: 2/40 [shadow imp[Natasha] (1)]
  2771 | D:2      | Slain by Natasha

Skill      XL: |  1  2  3  4 |
---------------+-------------+-----
Invocations    | 1 |  1.4
Short Blades   | 1 |  1.3
Axes           | 1 |  1.3
Maces & Flails | 1 |  1.3
Polearms       | 1 |  1.3
Slings         | 1 |  1.3
Bows           | 1 |  1.3
Crossbows      | 1 |  1.3
Throwing       | 1 |  1.3
Armour         | 1 |  1.3
Dodging        | 1 |  1.3
Unarmed Combat | 1 |  1.3
Spellcasting   | 1 |  1.3
Conjurations   | 1 |  1.0
Hexes          | 1 |  1.0
Charms         | 1 |  1.0
Summonings     | 1 |  1.0
Necromancy     | 1 |  1.0
Translocations | 1 |  1.0
Transmutations | 1 |  1.0
Fire Magic     | 1 |  1.0
Ice Magic      | 1 |  1.0
Air Magic      | 1 |  1.0
Earth Magic    | 1 |  1.0
Poison Magic   | 1 |  1.0
Fighting       | |  2.8
Long Blades    | |  4.7
Staves         | |  6.6
Stealth        | |  4.3
Shields        | |  2.8
Evocations     | |  2.8

Action                   |  1- 3 |  4- 6 || total
-------------------------+-------+-------++-------
Melee: Dagger            |    74 |       ||    74
       Spear             |     8 |       ||     8
       Bite              |     7 |     2 ||     9
       Trident           |    31 |    48 ||    79
Throw: Stone             |    14 |       ||    14
  Use: Potion            |       |     4 ||     4
 Stab: Sleeping          |    10 |     2 ||    12
  Eat: Chunk             |     4 |     1 ||     5
Armor: Robe              |    26 |       ||    26
       Scale mail        |    12 |    22 ||    34
       Skin              |       |     6 ||     6
Dodge: Dodged            |    62 |    29 ||    91
